Map: 베를린그라드 - 래더

Players

Ryung

  • Race: Terran Terran
  • League: Grandmaster

Solar - Winner!

  • Race: Zerg Zerg
  • League: Master

VOD

Have the link to the VOD?

Description

Time

  • Played on: Oct. 21, 2021, 8:39 a.m.
  • Length: 13:36
Show
View Real Time Build Order
Export as new Build Order

Ryung Terran 

Build Orders:  

Get SALT Encoding   

  12  0:00  SCV  
  13  0:12  SCV  
  14  0:17  Supply Depot  
  14  0:24  SCV  
  15  0:38  SCV  
  15  0:39  Barracks  
  16  0:43  Refinery  
  16  0:50  SCV  
  17  1:02  SCV  
  18  1:14  SCV  
  19  1:26  Marine, Orbital Command  
  20  1:39  Command Center  
  20  1:52  Factory  
  20  1:54  SCV  
  21  2:02  Barracks Reactor  
  21  2:07  SCV  
  22  2:10  Supply Depot  
  22  2:19  SCV  
  22  2:20  Refinery  
  23  2:31  SCV  
  23  2:36  Hellion  
  26  2:39  Marine x2, Starport  
  26  2:43  SCV  
  29  2:55  Orbital Command  
  29  2:56  SCV  
  29  2:57  Hellion  
  32  2:58  Marine  
  32  3:02  Marine  
  34  3:08  SCV  
  35  3:16  Marine, Medivac  
  35  3:18  Factory Tech Lab  
  35  3:19  Marine  
  38  3:21  SCV x2  
  41  3:27  Supply Depot  
  41  3:33  SCV x2  
  43  3:45  SCV x2  
  43  3:48  Stimpack, Starport Reactor  
  45  3:49  Marine  
  45  3:50  Barracks  
  45  3:53  Factory Tech Lab  
  46  3:57  SCV  
  46  3:58  SCV  
  46  4:02  Supply Depot  
  48  4:07  Marine, Barracks  
  49  4:10  SCV x2  
  49  4:15  Engineering Bay  
  51  4:17  Siege Tank  
  54  4:26  Supply Depot  
  54  4:30  SCV x2  
  56  4:36  Refinery  
  56  4:40  Starport Reactor  
  56  4:41  Terran Infantry Weapons Level 1  
  56  4:42  Marine x2  
  56  4:43  Marine  
  56  4:44  SCV x2  
  61  4:48  Supply Depot  
  61  4:53  Siege Tank, Supply Depot  
  64  5:02  SCV x2  
  66  5:09  Marine x5  
  71  5:14  SCV x2  
  71  5:17  Medivac  
  75  5:22  Medivac  
  75  5:24  Supply Depot  
  75  5:26  Command Center  
  77  5:34  Combat Shield  
  77  5:37  Supply Depot, SCV x2  
  77  5:39  Marine x5  
  84  5:49  Supply Depot  
  84  5:50  SCV x2  
  84  5:51  Refinery  
  84  5:57  Marine x2  
  86  5:59  Marine x3  
  86  6:03  SCV x2  
  93  6:05  Supply Depot  
  93  6:09  Siege Tank  
  96  6:15  Marine x2  
  98  6:19  Marine x3  
  98  6:22  SCV x2  
  98  6:24  Supply Depot  
  103  6:27  Supply Depot  
  103  6:30  Medivac  
  103  6:31  Medivac  
  107  6:34  Marine  
  107  6:35  Terran Infantry Armor Level 1  
  107  6:39  Marine  
  108  6:40  Marine  
  108  6:44  Orbital Command  
  108  6:45  SCV  
  111  6:53  Siege Tank  
  107  6:55  SCV  
  107  6:57  SCV  
  107  7:00  Marine x2  
  107  7:01  Marine x3  
  114  7:10  Orbital Command  
  114  7:18  Marine x3  
  114  7:20  SCV x2  
  118  7:25  Barracks x2  
  118  7:28  Supply Depot  
  118  7:32  Siege Tank  
  118  7:34  Supply Depot  
  118  7:35  SCV  
  122  7:37  SCV  
  122  7:38  SCV  
  124  7:44  Marine  
  124  7:45  Marine x3, Marauder  
  124  7:48  SCV  
  124  7:49  SCV  
  124  7:50  SCV  
  133  7:53  Supply Depot  
  133  7:55  Armory  
  133  7:59  Engineering Bay  
  133  8:07  Siege Tank  
  133  8:09  SCV x3  
  133  8:11  Marine x4, Marauder  
  145  8:14  Missile Turret  
  145  8:15  Medivac x2  
  129  8:20  Barracks Tech Lab  
  129  8:21  Barracks Reactor  
  129  8:25  SCV x3  
  132  8:28  Marine x2  
  134  8:34  Marine x2  
  134  8:35  Marauder  
  134  8:39  Siege Tank  
  141  8:45  Medivac x2, Terran Infantry Weapons Level 2  
  141  8:46  Terran Infantry Armor Level 2  
  145  8:49  Marine x2, Marauder  
  149  8:56  Refinery  
  149  8:57  Refinery  
  149  9:00  Supply Depot  
  149  9:01  Supply Depot  
  151  9:03  Marine  
  151  9:05  Marine x3  
  151  9:07  Marine x2  
  157  9:14  Siege Tank  
  160  9:18  Marauder x2  
  160  9:20  Liberator  
  165  9:28  Marine x6  
  165  9:30  Terran Vehicle Weapons Level 1  
  171  9:35  SCV x3  
  171  9:38  Liberator  
  177  9:39  Marine x2  
  177  9:41  Command Center  
  177  9:43  Concussive Shells  
  179  9:52  Siege Tank  
  182  9:53  Marine x5  
  182  9:54  Marine  
  188  10:01  Marine  
  188  10:06  Supply Depot  
  189  10:08  Marauder  
  189  10:11  Marine  
  189  10:13  Liberator  
  195  10:19  Marauder  
  195  10:23  Marine x2  
  195  10:27  Marine x3  
  200  10:28  Barracks x2  
  200  10:32  Barracks  
  200  10:34  Liberator  
  197  10:37  Marine  
  197  10:38  Marauder  
  200  10:56  Siege Tank  
  189  10:58  Liberator  
  189  11:00  Marine  
  189  11:01  Marine x2  
  192  11:10  Factory  
  173  11:12  Marine  
  173  11:13  Marine x2, Marauder  
  173  11:14  Marine  
  173  11:16  Liberator  
  160  11:18  Marine x2  
  160  11:19  Marine  
  140  11:30  Marine x2  
  140  11:31  Marine  
  140  11:32  Marauder  
  118  11:34  Planetary Fortress, Marauder  
  118  11:35  SCV x2  
  118  11:36  SCV  
  121  11:40  Barracks Tech Lab x2  
  121  11:41  Barracks Tech Lab, Liberator  
  121  11:42  Marine x2  
  121  11:44  Siege Tank  
  129  11:51  Marine x3  
  129  11:52  Marine  
  129  11:53  Marauder  
  135  11:54  Factory Tech Lab  
  135  11:56  Marauder, Ghost Academy  
  135  11:59  Marine, Liberator  
  135  12:01  Marine x3  
  140  12:02  Marauder  
  138  12:13  Marine  
  138  12:14  Marine x3  
  138  12:15  Marauder  
  143  12:16  Siege Tank  
  143  12:17  Marauder  
  143  12:19  Marauder  
  143  12:20  Marine x2  
  152  12:25  Marine  
  152  12:27  SCV x2  
  155  12:32  Ghost  
  155  12:34  Marine  
  155  12:35  Ghost  
  138  12:55  Medivac x2  
  128  12:58  Marine  
  128  12:59  Marine, Marauder x2  
  128  13:05  Marauder  
  121  13:08  Marine  
Show
View Real Time Build Order
Export as new Build Order

Solar Zerg - Winner!

Build Orders: Hatch First, Lurkers, Roach Hydra 

Get SALT Encoding   

  12  0:00  Drone  
  13  0:12  Overlord  
  13  0:17  Drone  
  14  0:30  Drone x2  
  16  0:48  Hatchery  
  15  0:51  Drone  
  15  0:55  Drone  
  17  0:58  Drone  
  18  1:09  Extractor  
  17  1:14  Spawning Pool  
  17  1:16  Drone  
  17  1:20  Drone  
  18  1:28  Drone  
  19  1:39  Drone  
  20  1:50  Drone  
  21  2:00  Queen x2  
  21  2:01  Zergling x4  
  27  2:11  Overlord  
  27  2:13  Drone  
  28  2:22  Hatchery  
  27  2:24  Drone  
  28  2:30  Drone  
  28  2:36  Queen  
  31  2:37  Drone  
  31  2:41  Metabolic Boost  
  32  2:47  Overlord  
  33  2:51  Drone  
  33  2:52  Drone  
  33  2:55  Drone  
  36  2:58  Drone  
  36  3:06  Drone x2  
  36  3:10  Drone  
  36  3:11  Drone x2  
  41  3:14  Queen  
  41  3:19  Overlord  
  43  3:20  Drone  
  43  3:26  Overlord  
  44  3:33  Queen  
  45  3:35  Drone x2  
  45  3:38  Drone x2  
  45  3:41  Drone  
  50  3:43  Drone x2  
  50  3:47  Zergling x2  
  53  3:48  Zergling x2  
  53  3:49  Overlord  
  53  3:53  Queen  
  55  3:56  Zergling x2  
  55  4:01  Zergling x4  
  58  4:05  Spore Crawler  
  58  4:06  Zergling x2  
  60  4:13  Zergling x6  
  60  4:15  Drone x2  
  65  4:17  Overlord  
  65  4:19  Lair  
  65  4:22  Drone  
  66  4:25  Overlord  
  66  4:30  Roach Warren, Extractor  
  62  4:31  Drone x4, Extractor  
  62  4:32  Drone  
  62  4:36  Drone x2  
  62  4:37  Drone  
  69  4:39  Overlord  
  69  4:42  Drone x2  
  69  4:43  Drone  
  72  4:46  Drone x2  
  72  4:50  Drone x3  
  77  4:55  Extractor  
  77  4:59  Evolution Chamber  
  75  5:00  Drone x3, Evolution Chamber  
  75  5:01  Drone x2  
  75  5:03  Drone  
  79  5:07  Drone  
  79  5:09  Drone  
  79  5:10  Drone  
  81  5:14  Drone x4  
  81  5:15  Extractor  
  81  5:17  Overlord  
  81  5:18  Extractor  
  81  5:19  Overseer  
  81  5:20  Glial Reconstitution  
  83  5:25  Zerg Missile Weapons Level 1  
  83  5:28  Zerg Ground Armor Level 1  
  83  5:31  Roach x2  
  83  5:34  Roach  
  89  5:36  Overlord  
  89  5:37  Roach  
  89  5:39  Overlord  
  91  5:45  Overlord  
  91  5:48  Overlord  
  91  5:52  Overlord  
  91  5:55  Roach x3  
  96  5:58  Drone  
  96  5:59  Roach x2  
  96  6:03  Ravager x3  
  104  6:05  Roach x2, Overlord  
  104  6:07  Roach  
  104  6:09  Roach  
  104  6:10  Roach  
  114  6:14  Ravager  
  114  6:16  Drone x3  
  114  6:18  Overseer  
  118  6:19  Overlord  
  118  6:20  Overlord  
  118  6:25  Roach  
  120  6:29  Roach x2  
  124  6:34  Roach x3  
  129  6:41  Roach x4, Overlord  
  137  6:49  Drone x4  
  137  6:55  Extractor  
  137  6:59  Infestation Pit  
  137  7:00  Drone  
  136  7:02  Drone  
  136  7:03  Drone  
  136  7:05  Drone x2  
  136  7:08  Drone  
  141  7:12  Roach x3  
  141  7:13  Hatchery, Overlord  
  145  7:24  Hydralisk Den  
  144  7:34  Zergling x6, Hatchery  
  144  7:37  Zerg Missile Weapons Level 2  
  144  7:38  Zerg Ground Armor Level 2, Hive  
  144  7:42  Drone x3  
  147  7:45  Drone x3  
  147  7:47  Drone  
  151  7:51  Overlord  
  151  7:54  Extractor  
  151  7:56  Drone  
  151  7:58  Lurker Den, Extractor  
  149  8:00  Zergling x2  
  149  8:01  Drone, Zergling x2  
  149  8:02  Drone  
  149  8:04  Hydralisk x3  
  157  8:07  Drone  
  157  8:09  Grooved Spines, Drone  
  157  8:12  Drone  
  160  8:22  Overlord x2  
  160  8:23  Drone x3  
  163  8:30  Zergling x2  
  163  8:31  Zergling x6  
  167  8:38  Overlord  
  167  8:48  Queen  
  169  8:50  Drone, Viper  
  169  8:51  Viper  
  169  8:52  Spore Crawler  
  175  8:55  Lurker  
  175  8:56  Lurker x2, Hydralisk x3  
  175  8:58  Seismic Spines  
  184  9:03  Pneumatized Carapace  
  184  9:16  Hatchery  
  182  9:17  Hydralisk x3  
  182  9:18  Zergling x8  
  186  9:32  Spore Crawler, Muscular Augments  
  186  9:35  Drone x2  
  186  9:37  Spore Crawler, Hydralisk x2  
  190  9:43  Lurker x3  
  190  9:44  Lurker  
  194  9:46  Lurker  
  194  9:48  Overlord x2  
  194  9:49  Overlord  
  194  9:52  Overlord  
  195  9:55  Adaptive Talons  
  194  10:06  Zergling x4  
  194  10:07  Zergling x4  
  198  10:08  Hydralisk  
  200  10:20  Hydralisk x3  
  191  10:22  Zergling x18  
  194  10:37  Lurker  
  194  10:38  Hydralisk x4  
  194  10:40  Hydralisk  
  199  10:44  Extractor  
  199  10:45  Extractor  
  197  10:53  Hydralisk x4  
  193  11:04  Hydralisk x2  
  182  11:13  Hydralisk x5  
  182  11:14  Hydralisk x3  
  181  11:22  Hydralisk x3  
  168  11:26  Hydralisk x3  
  168  11:30  Queen  
  174  11:34  Lurker x6  
  174  11:36  Zergling x12  
  174  11:38  Zergling x2  
  174  11:39  Drone x2  
  189  11:46  Zergling x2  
  189  11:47  Zergling x6  
  193  11:58  Zergling x10  
  198  12:08  Hydralisk x2  
  199  12:16  Overseer  
  197  12:25  Zergling x6  
  200  12:46  Drone  
  200  12:50  Hydralisk x6  
  190  12:52  Zergling x8  
  172  12:58  Hydralisk x4  
  172  13:02  Hydralisk x2  
  172  13:04  Hydralisk x10  
  177  13:13  Zergling x2  
  177  13:14  Zergling x10  
  182  13:20  Hatchery  
Tags
 
Add a new tag
Caveats
  • Supply blocks, unpowered buildings, or Contaminate may cause inaccurate times.
  • Supply counts are checked every 10 seconds.